 Dungeon Crawl Stone Soup version 0.22.0-1-g6561e4c (webtiles) character file.

1345 MTVSty1e the Cleaver (level 8, -4/53 HPs)
             Began as a Gargoyle Monk on Aug 12, 2018.
             Splashed by a jelly's acid (7 damage)
             ... on level 5 of the Dungeon.
             The game lasted 00:06:05 (5171 turns).

MTVSty1e the Cleaver (Gargoyle Monk)                Turns: 5171, Time: 00:06:10

Health: -4/53      AC:  0    Str: 20    XL:     8   Next: 62%
Magic:  8/8        EV:  6    Int: 14    God:
Gold:   249        SH:  8    Dex: 12    Spells: 7/7 levels left

rFire    . . .     SeeInvis .   a - +0 hand axe
rCold    . . .     Gourm    .   (no shield)
rNeg     + . .     Faith    .   g - +0 plate armour
rPois    ∞         Spirit   .   i - +2 helmet {Int+3}
rElec    +         Reflect  +   (no cloak)
rCorr    .         Harm     .   p - +0 pair of gloves
MR       .....                  q - +0 pair of boots
Stlth    ..........             u - brooch of Shielding {Reflect SH+8}
HPRegen  0.17/turn              l - +3 ring of strength
MPRegen  0.11/turn              k - +3 ring of protection

@: corroded, invisible
A: negative energy resistance 1, electricity resistance, unbreathing,
petrification resistance, rot immunity, AC +5
a: no special abilities


You were on level 5 of the Dungeon.
You were not hungry.

You visited 1 branch of the dungeon, and saw 5 of its levels.

You collected 249 gold pieces.

Inventory:

Hand Weapons
 a - a +0 hand axe (weapon)
Armour
 g - a +0 plate armour (worn)
 i - a +2 helmet of intelligence (worn)
 p - a +0 pair of gloves (worn)
 q - a +0 pair of boots (worn)
Jewellery
 k - a +3 ring of protection (right hand)
 l - a +3 ring of strength (left hand)
 u - the brooch of Shielding (around neck) {Reflect SH+8}
   (You took it off an orc on level 5 of the Dungeon)

   [amulet of reflection]

   It shields you and reflects attacks.
   It affects your SH (+8).
Wands
 m - a wand of flame (13)
Scrolls
 b - 2 scrolls of identify {unknown}
 f - 5 scrolls of teleportation
 o - 3 scrolls of blinking
Potions
 d - a potion of magic
 h - 2 potions of agility {unknown}
 j - 3 potions of curing {unknown}
 r - a potion of heal wounds {unknown}
 s - a potion of degeneration {unknown}
Comestibles
 c - 12 rations
 t - 6 chunks of flesh


   Skills:
 + Level 7.2 Fighting
 * Level 8.2 Axes
 - Level 2.4 Dodging
 - Level 2.1 Stealth


You had 7 spell levels left.
You didn't know any spells.
Your spell library contained the following spells:

 Spells                   Type           Power        Failure   Level  Hunger
 Apportation              Tloc           #.....       100%        1    ##.....
 Summon Small Mammal      Summ           #...         100%        1    ##.....
 Animate Skeleton         Necr           N/A          100%        1    ##.....
 Confusing Touch          Hex            #.....       100%        1    ##.....


Dungeon Overview and Level Annotations

Branches:
Dungeon (5/15)
 Temple: D:4-7

Altars:
Gozag
Qazlal
Ru
Trog
The Shining One


Innate Abilities, Weirdness & Mutations

You are resistant to torment.
Your stone body is resilient. (AC +5)
You are immune to poison.
You resist negative energy. (rN+)
You are resistant to electric shocks. (rElec)
You can survive without breathing.
You are immune to petrification.
You are immune to rotting.


Message History

You are too injured to fight recklessly!
You are too injured to fight recklessly!
You are too injured to fight recklessly!
You hit the jelly. The acid corrodes you!
Your hands burn!
The jelly is almost dead.
The jelly hits you but does no damage.
You hit the jelly but do no damage. The acid corrodes you!
Your hands burn!
The jelly is almost dead.
You hit the jelly but do no damage. The acid corrodes you!
Your hands burn!
The jelly is almost dead.
The jelly hits you.
* * * LOW HITPOINT WARNING * * *
You are splashed with acid!
The acid burns!
* * * LOW HITPOINT WARNING * * *
It was a potion of invisibility.
You fade into invisibility!
The jelly hits you.
* * * LOW HITPOINT WARNING * * *
You are splashed with acid!
The acid burns!
You die...

.###.# #............#####..#
.....#######.........>.........#
.#...........<.....###.........#
.##########........# #.#########
.# .######.# #.# .# #.# #.# .#
#.# #.. .# ##.######<# ### .#
......J@..# .# ##.)......#
#.#####.## #.# #.# #.# #.# #.#


You could see a jelly.

Vanquished Creatures
  Grinder (D:3)
  Sigmund (D:3)
  4 ogres
  A centaur (D:5)
  A scorpion (D:4)
  A howler monkey (D:4)
  A crimson imp (D:4)
  2 hounds
  Ijyb (D:2)
  An iguana (D:4)
  7 worker ants
  7 adders
  An adder skeleton (D:5)
  2 dart slugs
  2 worms (D:2)
  3 leopard geckos (D:4)
  6 orcs
  13 giant cockroaches
  22 goblins
  6 hobgoblins
  5 jackals
  5 kobolds
  3 quokkas
  3 ball pythons
  6 bats
  4 frilled lizards
  A goblin skeleton (D:4)
  A goblin zombie (D:4)
  A kobold skeleton (D:4)
  4 kobold zombies (D:4)
  A leopard gecko skeleton (D:4)
  An orc skeleton (D:4)
  A quokka zombie (D:5)
  15 rats
134 creatures vanquished.

Notes
Turn   | Place    | Note
-------+----------+-------------------------------------------
     0 | D:1      | MTVSty1e the Gargoyle Monk began the quest for the Orb.
     0 | D:1      | Reached XP level 1. HP: 14/14 MP: 1/1
    65 | D:1      | Reached skill level 3 in Axes
    80 | D:1      | Reached XP level 2. HP: 16/19 MP: 2/2
   813 | D:1      | Reached XP level 3. HP: 24/24 MP: 3/3
  1322 | D:2      | Found a bloodstained altar of Trog.
  1550 | D:2      | Reached skill level 4 in Axes
  1550 | D:2      | Reached XP level 4. HP: 21/29 MP: 4/4
  1946 | D:2      | Found a faded altar of an unknown god.
  2202 | D:3      | Noticed Ijyb
  2298 | D:2      | Killed Ijyb
  2298 | D:2      | Reached XP level 5. HP: 11/34 MP: 5/5
  2607 | D:3      | Noticed Sigmund
  2649 | D:3      | Killed Sigmund
  2649 | D:3      | Reached skill level 5 in Fighting
  2649 | D:3      | Reached skill level 5 in Axes
  2649 | D:3      | Reached XP level 6. HP: 21/40 MP: 6/6
  2880 | D:3      | Noticed Grinder
  2880 | D:3      | Paralysed by Grinder for 5 turns
  2910 | D:3      | Paralysed by Grinder for 2 turns
  2915 | D:3      | Paralysed by Grinder for 6 turns
  2935 | D:3      | Paralysed by Grinder for 4 turns
  2941 | D:3      | Killed Grinder
  2941 | D:3      | Reached skill level 6 in Axes
  2941 | D:3      | Reached XP level 7. HP: 18/44 MP: 7/7
  3268 | D:3      | Found a stormy altar of Qazlal.
  4177 | D:4      | Found a glowing golden altar of the Shining One.
  4186 | D:4      | Reached skill level 7 in Axes
  4214 | D:4      | Reached XP level 8. HP: 50/52 MP: 8/8
  4435 | D:4      | Found an opulent altar of Gozag.
  4443 | D:4      | Found a sacrificial altar of Ru.
  4932 | D:5      | Entered Level 5 of the Dungeon
  5065 | D:5      | Reached skill level 8 in Axes
  5171 | D:5      | Splashed by a jelly's acid

Skill      XL: |  1  2  3  4  5  6  7  8 |
---------------+-------------------------+-----
Axes           | 3 4 5 6 7 8 |  8.2
Fighting       | 4 5 6 7 |  7.2
Dodging        | |  2.4
Stealth        | |  2.1

Action                   |  1- 3 |  4- 6 |  7- 9 || total
-------------------------+-------+-------+-------++-------
Melee: Hand axe          |   132 |   168 |   290 ||   590
  Use: Potion            |       |     1 |     1 ||     2
       Scroll            |       |       |     5 ||     5
 Stab: Sleeping          |    10 |     2 |     3 ||    15
  Eat: Ration            |     1 |       |     2 ||     3
       Chunk             |       |     3 |     1 ||     4
Armor: Robe              |     3 |       |       ||     3
       Leather armour    |    45 |    46 |       ||    91
       Ring mail         |       |    41 |    12 ||    53
       Plate armour      |       |       |   188 ||   188
Dodge: Dodged            |    81 |    99 |    93 ||   273
Block: Other             |       |       |     5 ||     5
